 Dungeon Crawl Stone Soup version 0.22.0-6-g71bd7aa (webtiles) character file.

106 Sqgman the Skirmisher (level 4, -1/40 HPs)
             Began as a Ghoul Monk on Aug 14, 2018.
             Killed by divine providence
             ... invoked by an orc priest
              (17 damage)
             ... on level 3 of the Dungeon.
             The game lasted 00:07:23 (1480 turns).

Sqgman the Skirmisher (Ghoul Monk)                  Turns: 1480, Time: 00:07:26

Health: -1/40      AC: 12    Str: 15    XL:     4   Next: 84%
Magic:  3/3        EV: 11    Int:  5    God:
Gold:   60         SH:  0    Dex: 11    Spells: 3/3 levels left

rFire    . . .     SeeInvis .   n - +1 mace (protect)
rCold    + . .     Gourm    .   (no shield)
rNeg     + + +     Faith    .   g - +0 ring mail
rPois    ∞         Spirit   .   (no helmet)
rElec    .         Reflect  .   (no cloak)
rCorr    .         Harm     .   (no gloves)
MR       .....                  (no boots)
Stlth    +.........             (no amulet)
HPRegen  0.00/turn              (no ring)
MPRegen  0.08/turn              (no ring)

@: protection aura, rotting
A: rotting body, claws 1, carnivore, cold resistance 1, negative energy
resistance 3, inhibited regeneration, torment resistance, unbreathing
a: no special abilities


You were on level 3 of the Dungeon.
You were not hungry.

You visited 1 branch of the dungeon, and saw 3 of its levels.

You collected 60 gold pieces.

Inventory:

Hand Weapons
 a - a +0 falchion
 n - a +1 mace of protection (weapon)
Missiles
 d - 36 arrows
 e - 72 stones (quivered)
Armour
 b - a +0 robe
 g - a +0 ring mail (worn)
Scrolls
 j - 2 scrolls of identify
 l - a scroll of enchant weapon
Potions
 i - 2 potions of haste
Comestibles
 c - 3 rations
 f - 2 chunks of flesh


   Skills:
 + Level 3.8 Fighting
 + Level 3.4 Long Blades
 + Level 0.2 Maces & Flails
 + Level 2.0 Armour
 + Level 3.1 Dodging
 + Level 2.4 Stealth


You had 3 spell levels left.
You didn't know any spells.
Your spell library was empty.

Dungeon Overview and Level Annotations

Branches:
Dungeon (3/15)

Altars:


Innate Abilities, Weirdness & Mutations

Your body is rotting away.
You thrive on raw meat.
You are immune to poison.
You have sharp fingernails.
You are carnivorous and can eat meat at any time.
Your flesh is cold resistant. (rC+)
You are immune to negative energy. (rN+++)
You do not regenerate when monsters are visible.
You are immune to unholy pain and torment.
You can survive without breathing.


Message History

You feel better. The orc closely misses you. The orc hits you with a club.
You hear some strange, mumbled words.
A puff of flame appears from out of thin air!
The puff of flame misses you.
The puff of flame misses the orc.
The puff of flame misses the orc priest.
The orc hits you but does no damage. The rat misses you.
Your ring mail prevents you from hitting something.
You hear some strange, mumbled words.
A puff of flame appears from out of thin air!
The puff of flame hits you! The orc hits you with a club.
The orc barely misses you. The rat bites you but does no damage.
Something completely misses you. The orc hits you but does no damage.
You hit something.
Reactivating autopickup.
Your Armour skill increases to level 2!
You feel a bit more experienced. The orc barely misses you.
The rat bites you but does no damage. The orc closely misses you.
The orc priest mumbles some strange prayers to Beogh against you.
Beogh smites you!
You die...

#.# #. #.# ##. ### #.#
.. ..# #.# # #.##.# #.#
#. ..#.# #.###
#..##g#.######.#.##
###...ro#.##........####
.....oo@)..?.......<...+
###...###.##.###....####
#.. #.##.# #.#..# #.
..##.# #....# # #####.#
####.# #.. .# ### .#


You could see an orc priest, 2 orcs, a goblin and a rat.

Vanquished Creatures
  An orc wizard (D:3)
  2 adders (D:2)
  2 oozes
  3 worms
  A dart slug (D:2)
  3 leopard geckos (D:2)
  An orc (D:3)
  A giant cockroach (D:2)
  3 hobgoblins
  A ball python (D:2)
  9 bats
  A frilled lizard (D:2)
  10 goblins
  3 kobolds
  5 rats
46 creatures vanquished.

Notes
Turn   | Place    | Note
-------+----------+-------------------------------------------
     0 | D:1      | Sqgman the Ghoul Monk began the quest for the Orb.
     0 | D:1      | Reached XP level 1. HP: 19/19 MP: 0/0
   189 | D:1      | Reached XP level 2. HP: 24/26 MP: 1/1
   502 | D:1      | Reached XP level 3. HP: 33/33 MP: 2/2
  1044 | D:2      | Reached skill level 1 in Armour
  1081 | D:2      | Reached XP level 4. HP: 39/39 MP: 3/3
  1480 | D:3      | Killed from afar by an orc priest

Skill      XL: |  1  2  3  4 |
---------------+-------------+-----
Long Blades    | 3 |  3.4
Dodging        | 3 |  3.1
Armour         | 1 2 |  2.0
Fighting       | |  3.8
Maces & Flails | |  0.2
Stealth        | |  2.4

Action                   |  1- 3 |  4- 6 || total
-------------------------+-------+-------++-------
Melee: Falchion          |   103 |       ||   103
       Mace              |    14 |    71 ||    85
  Use: Potion            |     2 |     2 ||     4
       Scroll            |     6 |       ||     6
 Stab: Sleeping          |     1 |       ||     1
  Eat: Chunk             |     4 |     1 ||     5
Armor: Ring mail         |    67 |    82 ||   149
Dodge: Dodged            |   102 |    95 ||   197
       Rpst.: Falchion   |    32 |       ||    32
